AoeStats
← Huskarls4

QS Arena

503599104Analyzed
4v4 RM · 2mo ago on Sep 1, 2026· 33m 19s· 8 players
Game mode
Random Map
Map size
Large (8 player)
Population
200
Speed
Normal
Resources
Standard
Victory
Conquest
Starting age
Dark Age
Ending age
Imperial Age
RankedLock teamsTeams togetherTeam positionsShared explorationLock speedFull tech treeHidden civsTurbo modeCheats
Victory
Defeat
🇲🇾 Tatars · Malaysia
1801
+6
🇷🇺 Berbers · Russia
1797
+6
🇫🇮 Portuguese · Finland
1522
+17
🇬🇧 Turks · United Kingdom
1492
+18
vs
🇩🇪 Persians · Germany
1584
-13
🇨🇳 Aztecs · China
1567
-12
🇩🇪 Bulgarians · Germany
1515
-10
🇨🇳 Khitans · China
1501
-9
Huskarls4
7:43 Feudal Age
12:22 Castle Age
19:26 Wheelbarrow
20:43 Double-Bit Axe
20:42 Horse Collar
22:02 Heavy Plow
27:17 Imperial Age
25:36 Hand Cart
26:56 Scale Barding Armor
27:02 Forging
27:39 Bloodlines
27:30 Husbandry
27:58 Chain Barding Armor
27:21 Heavy Camel Rider
29:33 Plate Barding Armor
30:02 Iron Casting
30:55 Conscription
Kaarlos
7:17 Feudal Age
6:49 Loom
11:05 Castle Age
9:39 Double-Bit Axe
12:27 Bow Saw
16:50 Sanctity
17:34 Redemption
27:17 Imperial Age
28:20 Block Printing
28:18 Fervor
31:28 Wheelbarrow
B3rserk
7:54 Feudal Age
11:36 Castle Age
9:32 Double-Bit Axe
12:39 Bow Saw
16:56 Wheelbarrow
22:29 Imperial Age
19:48 Loom
20:25 Gold Mining
20:39 Fletching
21:57 Bodkin Arrow
23:01 Padded Archer Armor
24:36 Gold Shaft Mining
24:18 Hand Cart
23:47 Horse Collar
26:52 Chemistry
26:33 Heavy Cavalry Archer
28:27 Bracer
29:53 Ballistics
30:25 Bloodlines
30:15 Husbandry
32:35 Conscription
32:19 Silk Armor
32:41 Leather Archer Armor
Eugenius
9:10 Feudal Age
10:22 Double-Bit Axe
12:50 Castle Age
10:43 Horse Collar
15:10 Bow Saw
18:16 Wheelbarrow
20:31 Light Cavalry
21:49 Bloodlines
21:50 Forging
21:58 Gold Mining
27:44 Imperial Age
25:09 Loom
25:58 Husbandry
26:05 Scale Barding Armor
27:09 Hand Cart
27:29 Chain Barding Armor
27:45 Iron Casting
27:59 Gold Shaft Mining
30:04 Plate Barding Armor
29:22 Town Watch
29:47 Cavalier
33:00 Blast Furnace
32:45 Conscription
32:21 Stone Mining
JoPo21
7:58 Feudal Age
11:39 Castle Age
9:41 Double-Bit Axe
9:41 Horse Collar
18:38 Loom
19:54 Bow Saw
21:29 Heavy Plow
23:06 Wheelbarrow
23:02 Gold Mining
23:18 Stone Mining
25:37 Hand Cart
25:08 Town Watch
26:01 Bloodlines
25:52 Husbandry
28:33 Imperial Age
27:21 Stirrups
27:50 Scale Barding Armor
27:56 Forging
28:38 Elite Konnik
29:49 Conscription
30:13 Chain Barding Armor
30:29 Iron Casting
32:04 Plate Barding Armor
32:30 Blast Furnace
32:42 Squires
32:58 Town Patrol
32:49 Fletching
-GNG-Tenma
7:37 Feudal Age
11:13 Castle Age
9:13 Double-Bit Axe
10:50 Domestication
13:38 Loom
18:23 Wheelbarrow
19:24 Hand Cart
19:40 Bow Saw
21:32 Gold Mining
22:34 Pastoralism
22:29 Stone Mining
25:25 Imperial Age
22:38 Light Cavalry
23:19 Husbandry
24:41 Scale Barding Armor
24:46 Forging
27:29 Chemistry
27:09 Chain Barding Armor
26:30 Heavy Camel Rider
28:50 Plate Barding Armor
30:08 Iron Casting
29:03 Hussar
31:52 Transhumance
30:58 Elite Skirmisher
31:44 Thumb Ring
32:59 Fletching
33:10 Padded Archer Armor
Dawn14
7:40 Feudal Age
8:08 Double-Bit Axe
9:02 Loom
12:07 Castle Age
11:12 Horse Collar
18:36 Town Watch
26:09 Wheelbarrow
31:42 Hand Cart
姬七兮
4:46 Loom
8:04 Feudal Age
10:11 Double-Bit Axe
12:51 Castle Age
11:10 Horse Collar
14:30 Bow Saw
18:09 Wheelbarrow
19:20 Gold Mining
21:44 Gold Shaft Mining
22:16 Eagle Warrior
22:42 Arson
22:57 Squires
25:37 Imperial Age
23:32 Squires
23:08 Eagle Warrior
25:00 Scale Mail Armor
25:10 Forging
26:37 Chain Mail Armor
26:58 Iron Casting
26:27 Elite Eagle Warrior
27:45 Plate Mail Armor
27:25 Pikeman
28:29 Conscription
30:05 Blast Furnace
29:05 Arson
30:16 Garland Wars
Connection lost

Rejoining the realm…

Still unreachable

The connection could not be restored.

Session expired

The server has moved on; the page needs a fresh start.